 Dungeon Crawl Stone Soup version 0.31-a0-233-g139696dc86 (webtiles) character file.

Game seed: 12003763327764781530

187 qw the Shooter (level 5, -2/43 (45) HPs)
             Began as a Minotaur Hexslinger on July 8, 2023.
             Slain by a gnoll
             ... wielding a +0 flail of draining
             ... led by a gnoll bouda
              (10 damage)
             ... on level 3 of the Dungeon.
             The game lasted 00:01:03 (2694 turns).

qw the Shooter (Minotaur Hexslinger)                Turns: 2694, Time: 00:01:03

HP:   -2/43 (45)    AC:  9    Str: 13    XL:     5   Next: 39%
MP:   5/5           EV: 11    Int: 10    God:
Gold: 188           SH:  0    Dex: 20    Spells: 5/6 levels left

rFire   . . .        Y - +2 sling
rCold   . . .        (no shield)
rNeg    . . .        j - +0 ring mail
rPois   .            (helmet restricted)
rElec   .            h - +0 cloak
rCorr   .            m - +0 pair of gloves
SInv    .            c - +1 pair of boots
Will    .....        (no amulet)
Stlth   +            f - +6 ring of dexterity
HPRegen 0.27/turn    (no ring)
MPRegen 0.09/turn

%: no passive effects
@: lightly drained
A: horns 2, retaliatory headbutt
a: no special abilities


You were on level 3 of the Dungeon.
You visited 1 branch of the dungeon, and saw 4 of its levels.

You collected 188 gold pieces.


Innate Abilities, Weirdness & Mutations

You have a pair of horns on your head.
You reflexively headbutt those who attack you in melee.


   Skills:
 - Level 3.0 Fighting
 + Level 5.5 Ranged Weapons
 - Level 1.0 Armour
 - Level 2.1 Dodging
 - Level 1.0 Spellcasting
 - Level 2.0 Hexes


You had 5 spell levels left.
You knew the following spells:

 Your Spells              Type           Power      Damage    Failure   Level
a - Slow                  Hex            16%        N/A       32%         1

Your spell library contained the following spells:

 Spells                   Type           Power      Damage    Failure   Level
 Inner Flame              Hex/Fire       2%         N/A       82%         3
 Portal Projectile        Hex/Tloc       4%         N/A       82%         3
 Cause Fear               Hex            2%         N/A       97%         4

Inventory:

Hand Weapons
 Y - a +2 sling (weapon)
Armour
 c - a +1 pair of boots (worn)
 h - a +0 cloak (worn)
 j - a +0 ring mail (worn)
 m - a +0 pair of gloves (worn)
Jewellery
 f - a +6 ring of dexterity (left hand)
Scrolls
 a - 2 scrolls of teleportation
 b - a scroll of identify
Potions
 e - a potion of might
 g - a potion of lignification {unknown}
 i - a potion of curing {unknown}
 n - a potion of mutation {unknown}

Dungeon Overview and Level Annotations

Branches:
Dungeon (4/15)
 Temple: D:4-7

Altars:
Ashenzari
Vehumet


Message History

The adder is severely wounded.
The adder barely misses you. You furiously retaliate!
You headbutt the adder!
You kill the adder!
Done exploring.
(D) Dungeon
Where to? (* - list waypoints, Enter - D:4, ? - help)
What level of the Dungeon? (default 1, ? - help)
You climb downwards.
The gnoll barely misses you. x2; You furiously retaliate!
You headbutt the gnoll. The gnoll hits you with a +0 flail.
The orc barely misses you. You furiously retaliate!
You headbutt the orc!
You kill the orc!
The orc misses you.
There is a stone staircase leading up, spattered with blood here.
2690 ||| STAIRDANCE The gnoll hits you with a +0 club.
The gnoll hits you with a +0 flail of draining!
You feel drained. The gnoll misses you.
The gnoll bouda barks out a call to the hunt!
The gnolls pick up the pace!
The orc hits you but does no damage.
You climb upwards.
There is a stone staircase leading down here.
You shoot a sling bullet. The sling bullet hits the gnoll.
The gnoll is heavily wounded.
The gnoll closely misses you. You furiously retaliate!
You headbutt the gnoll. The orc hits you with a +0 club.
The gnoll hits you but does no damage.
You feel drained. The gnoll misses you. You furiously retaliate!
You headbutt the gnoll. You shoot a sling bullet.
The sling bullet hits the gnoll.
You kill the gnoll!
The gnoll barely misses you. The gnoll misses you. You furiously retaliate!
You headbutt the gnoll! The orc hits you with a +0 club.
The gnoll closely misses you. You furiously retaliate!
You headbutt the gnoll!
The gnoll hits you with a +0 flail of draining.
You feel drained. The orc hits you with a +0 club.
You shoot a sling bullet.
The sling bullet barely misses the gnoll.
The gnoll hits you with a +0 flail.
The gnoll hits you with a +0 flail of draining!
You die...

#.# #.# ##
#.###############.###P
#..................#.P
#.##############...~P~ #.#
####### ####.PP~7P
#.###.....######.P~777
#...#.....#....##P~777
#'###%g...#....##P~777
77.77#@g...........~~77
###7)..7#o).###[...##.~~~~
#.+..}..'.#..##....##.#~P.
#.#7...7####.##....##.#P#.
#.#77.77#....##........##.
#.# #+###..............##.
#.###.......#..#'##....##.
#......#..........#....###
####...#.......#..#....###


You could see 2 gnolls and an orc.

Vanquished Creatures
  4 gnolls (D:3)
  4 adders (D:3)
  3 worms (D:2)
  3 dart slugs
  3 orcs
  8 bats
  4 endoplasms
  3 giant cockroaches
  8 goblins
  7 hobgoblins
  6 jackals
  6 quokkas
  11 ball pythons
  3 frilled lizards
  7 kobolds
  11 rats
91 creatures vanquished.

Notes
Turn   | Place    | Note
-------+----------+-------------------------------------------
     0 | D:1      | qw the Minotaur Hexslinger began the quest for the Orb.
     0 | D:1      | Reached XP level 1. HP: 16/16 MP: 1/1
     0 | D:1      | 0 ||| qw: Version: 0.3-a-46-gb1f654a
     0 | D:1      | 0 ||| qw: Game counter: 3637
     0 | D:1      | 0 ||| qw: Melee chars always use a shield: true
     0 | D:1      | 0 ||| qw: God list: Okawaru
     0 | D:1      | 0 ||| qw: Allow faded altars: false
     0 | D:1      | 0 ||| qw: Do Orc after clearing Dungeon:15 true
     0 | D:1      | 0 ||| qw: Do second Lair branch before Depths: true
     0 | D:1      | 0 ||| qw: Lair rune preference: random
     0 | D:1      | 0 ||| qw: Goals: Normal
     0 | D:1      | 0 ||| PLANNING D:1-11
   109 | D:1      | Reached skill level 3 in Ranged Weapons
   149 | D:1      | Reached XP level 2. HP: 22/23 MP: 2/2
   385 | D:1      | Found a faded altar of an unknown god.
   625 | D:1      | Reached XP level 3. HP: 29/29 MP: 3/3
  1004 | D:1      | 1004 ||| UPGRADING to +0 ring mail.
  1014 | D:1      | 1014 ||| DROPPING +0 robe.
  1015 | D:1      | 1015 ||| UPGRADING to +6 ring of dexterity.
  1016 | D:1      | 1016 ||| READING 2 scrolls labelled DIWNI RIOR.
  1020 | D:1      | 1020 ||| READING scroll labelled TAOMOG VYDDA.
  1021 | D:1      | 1021 ||| READING scroll labelled XUENIM ARIUCONT.
  1022 | D:1      | 1022 ||| DRINKING 2 glowing puce potions.
  1023 | D:1      | 1023 ||| DROPPING scroll of poison.
  1149 | D:2      | Reached skill level 4 in Ranged Weapons
  1216 | D:2      | Reached skill level 1 in Armour
  1481 | D:2      | Reached XP level 4. HP: 36/36 MP: 4/4
  1866 | D:2      | 1866 ||| UPGRADING to +1 pair of boots.
  1871 | D:2      | 1871 ||| READING scroll labelled GUOWUN KOALUOH.
  1872 | D:2      | 1872 ||| READING scroll labelled KELEKU DIOBU.
  1925 | D:3      | Found a radiant altar of Vehumet.
  2066 | D:3      | Found a broken altar of Ashenzari.
  2247 | D:3      | Reached skill level 5 in Ranged Weapons
  2518 | D:3      | 2518 ||| Stepping ~*~*~tactically~*~*~ (outnumbered).
  2535 | D:3      | Reached skill level 3 in Fighting
  2535 | D:3      | Reached XP level 5. HP: 40/45 MP: 5/5
  2646 | D:3      | 2646 ||| UPGRADING to +0 cloak.
  2651 | D:3      | 2651 ||| UPGRADING to +0 pair of gloves.
  2656 | D:3      | 2656 ||| READING scroll labelled URALOOHODI.
  2657 | D:3      | 2657 ||| READING scroll labelled KAERAME HISITO.
  2658 | D:3      | 2658 ||| READING scroll labelled UXEYMN VAHIL.
  2674 | D:4      | Noticed an orc warrior
  2674 | D:4      | Noticed an ogre
  2676 | D:4      | 2676 ||| STAIRDANCE
  2690 | D:4      | 2690 ||| STAIRDANCE
  2694 | D:3      | HP: 8/43 [gnoll/+0 flail[a gnoll bouda] (6)]
  2694 | D:3      | Slain by a gnoll

Levels and vault maps discovered:
D:1:      reono_arrival_mine, layout_loops_corners,
          ebering_ecumenical_altar_mist, minmay_misc_feat_more_columns
D:2:      minmay_chambers_of_twos, layout_loops_ring, serial_forest,
          infiniplex_forest_straight_3, infiniplex_forest_clump_large,
          infiniplex_forest_clump_tiny, infiniplex_forest_clump_double,
          infiniplex_forest_clump_small, infiniplex_forest_clump_long,
          infiniplex_forest_end_double, infiniplex_forest_clump_tiny,
          minmay_diced_spiral
D:3:      minmay_diamond_boxcup, layout_basic, nicolae_ashenzari_panopticon,
          nicolae_vehumet_radiance, serial_bayou_pond_c,
          kennysheep_generic_room_13
D:4:      layout_rooms

Skill      XL: |  1  2  3  4 |
---------------+-------------+-----
Ranged Weapons | 3 4 5 |  5.5
Fighting       | 2 3 |  3.0
Armour         | 1 |  1.0
Dodging        | |  2.1
Spellcasting   | |  1.0
Hexes          | |  2.0

Action                     |  1- 3 |  4- 6 || total
---------------------------+-------+-------++-------
   Fire: Sling             |   137 |   101 ||   238
    Use: Scroll            |     3 |     5 ||     8
         Potion            |     1 |       ||     1
 Armour: Robe              |    14 |       ||    14
         Ring mail         |     5 |    36 ||    41
  Dodge: Dodged            |    36 |    58 ||    94

Table legend:
 A = Non-vault XP
 B = Vault XP
 C = Vault XP percentage of total XP
 D = Non-vault monster count
 E = Vault monster count
 F = Vault count percentage of total count
                 A         B        C        D         E       F
            +---------+---------+-------+---------+---------+-------
      Total |     181 |      87 |  32.5 |      66 |      25 |  27.5
            +---------+---------+-------+---------+---------+-------
        D:1 |      54 |       0 |   0.0 |      32 |       0 |   0.0
        D:2 |      32 |      27 |  45.8 |      17 |      13 |  43.3
        D:3 |      92 |      60 |  39.5 |      16 |      12 |  42.9
        D:4 |       3 |       0 |   0.0 |       1 |       0 |   0.0
            +---------+---------+-------+---------+---------+-------
